 Dungeon Crawl Stone Soup version 0.26-a0-611-g354ed81502 (webtiles) character file.

Game seed: 9681114044677500922

6337 MrRokkomies the Slicer (level 10, -5/71 HPs)
             Began as an Octopode Brigand on Sept 7, 2020.
             Was an Elder of Okawaru.
             Slain by a two-headed ogre
             ... wielding a +0 giant spiked club
              (19 damage)
             ... while paralysed by a hornet
             ... on level 10 of the Dungeon.
             The game lasted 00:29:43 (13067 turns).

MrRokkomies the Slicer (Octopode Brigand)          Turns: 13067, Time: 00:29:46

Health: -5/71      AC:  1    Str: 10    XL:     10   Next: 96%
Magic:  0/19       EV:  2    Int: 16    God:    Okawaru [****..]
Gold:   438        SH:  0    Dex: 15    Spells: 2/9 levels left

rFire    . . .     SeeInvis +   a - +0 dagger (venom)
rCold    . . .     Faith    .   v - +0 buckler
rNeg     . . .     Spirit   +   (helmet restricted)
rPois    +         Reflect  .   C - amulet of guardian spirit
rElec    .         Harm     .   m - ring of see invisible
rCorr    .                      q - ring of stealth
MR       .....                  z - ring "Beywk" {rPois MP+9 Stlth+}
Stlth    ++++++....             (no ring)
HPRegen  0.21/turn              (no ring)
MPRegen  0.16/turn              (no ring)
                                (no ring)
                                (no ring)

@: paralysed, about to teleport
A: almost no armour, stealthy swim, amphibious, 8 rings, constrict 8, camouflage
1, gelatinous body 1
a: Heroism, Renounce Religion


You were on level 10 of the Dungeon.
You worshipped Okawaru.
Okawaru was greatly pleased with you.
You visited 2 branches of the dungeon, and saw 11 of its levels.

You collected 496 gold pieces.
You spent 58 gold pieces at shops.

Inventory:

Hand Weapons
 a - a +0 dagger of venom (weapon)
 b - a +0 dagger of speed
Missiles
 h - 8 boomerangs
 i - a javelin (quivered)
 B - 41 poisoned darts
Armour
 v - a +0 buckler (worn)
Magical Staves
 u - an uncursed staff of conjuration
Jewellery
 m - a ring of see invisible (left tentacle)
 q - a ring of stealth (right tentacle)
 z - the ring "Beywk" (on tentacle) {rPois MP+9 Stlth+}
   (You found it on level 9 of the Dungeon)

   [ring of magical power]

   It protects you from poison.
   It affects your magic capacity (+9).
   It makes you more stealthy.
 C - an amulet of guardian spirit (around mantle)
Wands
 l - a wand of disintegration (4)
 r - a wand of enslavement (7)
 t - a wand of flame (42)
 A - a wand of paralysis (17)
Scrolls
 f - 3 scrolls of teleportation
 k - a scroll of enchant weapon
 o - 3 scrolls of identify
 x - a scroll of fog
 y - 3 scrolls of magic mapping
Potions
 c - a potion of brilliance {unknown}
 d - 4 potions of haste
 e - 3 potions of might
 g - 3 potions of stabbing
 j - a potion of degeneration {unknown}
 n - a potion of magic
 p - a potion of lignification {unknown}
 s - 3 potions of heal wounds {unknown}
 w - 2 potions of flight {unknown}
 D - a potion of resistance {unknown}


   Skills:
 + Level 7.0 Fighting
 * Level 9.9 Short Blades
 + Level 7.0 Throwing
 * Level 7.9 Dodging
 - Level 5.3 Stealth
 - Level 4.0 Shields


You had 2 spell levels left.
You knew the following spells:

 Your Spells              Type           Power        Failure   Level
a - Corona                Hex            #......      26%         1
b - Poisonous Vapours     Pois/Air       #.....       36%         2
c - Petrify               Tmut/Erth      #.......     94%         4

Your spell library contained the following spells:

 Spells                   Type           Power        Failure   Level
 Sandblast                Erth           #.....       26%         1
 Sting                    Tmut/Pois      #...         26%         1
 Ensorcelled Hibernation  Hex/Ice        #.....       36%         2
 Passwall                 Tmut/Erth      #.......     36%         2
 Confusing Touch          Hex            #.......     58%         3
 Dazzling Flash           Conj/Hex       #.....       58%         3
 Ignite Poison            Fire/Tmut/Pois #.......     58%         3
 Mephitic Cloud           Conj/Pois/Air  #.......     58%         3
 Stone Arrow              Conj/Erth      #.....       58%         3
 Tukima's Dance           Hex            #.......     58%         3
 Olgreb's Toxic Radiance  Pois           #.......     94%         4
 Lee's Rapid Deconstruct  Erth           #.........   100%        5


Dungeon Overview and Level Annotations

Branches:
Dungeon (10/15)            Temple (1/1) D:6            Lair (0/6) D:10
    Orc: D:9-12

Altars:
Ashenzari
Cheibriados
Dithmenos
Elyvilon
Gozag
Hepliaklqana
Kikubaaqudgha
Makhleb
Nemelex Xobeh
Okawaru
Qazlal
Ru
Trog
Uskayaw
Vehumet
Wu Jian
Xom
Yredelemnul
Zin

Shops:
D:5 :   D:6 [   D:7 (==}   D:9 [

Annotations:
D:6 2 transporters, Ananasrisotto's ghost, novice GnCK


Innate Abilities, Weirdness & Mutations

You cannot wear most types of armour.
You are very stealthy in the water. (Stealth+)
You are amphibious.
You can wear up to eight rings at the same time.
You can use your tentacles to constrict eight enemies at once.
Your skin changes colour to match your surroundings (Stealth+).
Your rubbery body absorbs attacks. (AC +1, EV +1)


Message History

The two-headed ogre looks as sick as possible!
The two-headed ogre is moderately wounded.
The two-headed ogre hits you with a +0 giant spiked club!!
The two-headed ogre hits you with a +0 giant spiked club!
Unknown command.
You open the door.
There is an open door here.
A hornet comes into view.
The hornet buzzes angrily.
You hit the two-headed ogre but do no damage.
The two-headed ogre looks as sick as possible!
The two-headed ogre is heavily wounded.
The two-headed ogre is no longer moving slowly.
As you read the scroll of teleportation, it crumbles to dust.
You feel strangely unstable. The hornet stings you!
You suddenly lose the ability to move!
The two-headed ogre hits you with a +0 giant spiked club!!
* * * LOW HITPOINT WARNING * * *
The two-headed ogre hits you with a +0 giant spiked club!!
You die...

### .... #####
.....#.y@#
.....#..O#
.....'...#
.....#...# ....
##'## ... #...# ...
..
#...###########... .
#................r.#
#....((<...........#


You could see a two-headed ogre (extremely poisoned) and a hornet.

Vanquished Creatures
  A centaur warrior (D:8)
  A two-headed ogre (D:8)
  A manticore (D:9)
  A steam dragon (D:6)
  A hippogriff (D:8)
  A yak (D:9)
  A water moccasin (D:9)
  Duvessa (D:7)
  A porcupine (D:9)
  3 orc warriors
  3 black bears
  An ice beast (D:5)
  An eye of draining (D:9)
  A crocodile (D:9)
  3 centaurs
  5 ogres
  A big kobold (D:8)
  4 bullfrogs
  Dowan (D:7)
  2 scorpions
  9 wights
  2 jellies
  8 hounds
  7 orc priests
  A bullfrog skeleton (D:6)
  7 orc wizards
  A centaur skeleton (D:8)
  5 iguanas
  8 worker ants
  A hound zombie (D:9)
  A worker ant zombie (D:5)
  14 adders
  7 gnolls
  2 shadow imps (D:8)
  2 white imps
  2 ufetubi
  2 oozes
  An adder zombie (D:4)
  5 worms (D:2)
  An adder skeleton (D:9)
  4 dart slugs
  5 leopard geckos
  36 orcs
  A ball python (D:3)
  3 bats
  4 giant cockroaches
  6 goblins
  10 hobgoblins
  6 jackals
  18 kobolds
  3 quokkas
  2 frilled lizards
  A jackal zombie (D:5)
  4 rats
223 creatures vanquished.

Vanquished Creatures (others)
  A steam dragon (D:6)
  18 fungi
  9 plants (D:10)
28 creatures vanquished.

Grand Total: 251 creatures vanquished

Notes
Turn   | Place    | Note
-------+----------+-------------------------------------------
     0 | D:1      | MrRokkomies the Octopode Brigand began the quest for the
                  | Orb.
     0 | D:1      | Reached XP level 1. HP: 14/14 MP: 1/1
   317 | D:1      | Reached XP level 2. HP: 14/19 MP: 2/2
   820 | D:1      | Reached XP level 3. HP: 24/24 MP: 3/3
  1348 | D:2      | Reached XP level 4. HP: 19/30 MP: 4/4
  1825 | D:3      | Reached skill level 3 in Short Blades
  2143 | D:3      | Reached XP level 5. HP: 21/35 MP: 5/5
  3289 | D:4      | Reached XP level 6. HP: 31/41 MP: 6/6
  3842 | D:4      | Reached skill level 4 in Short Blades
  4474 | D:4      | Found a sacrificial altar of Ru.
  4613 | D:4      | Reached XP level 7. HP: 46/46 MP: 7/7
  4834 | D:4      | Found a sacrificial altar of Ru.
  5059 | D:5      | Entered Level 5 of the Dungeon
  5127 | D:5      | Reached skill level 5 in Short Blades
  5186 | D:5      | Learned a level 1 spell: Corona
  5451 | D:5      | Found Mote's Book Boutique.
  5502 | D:5      | Reached skill level 5 in Dodging
  5502 | D:5      | Reached XP level 8. HP: 54/54 MP: 8/8
  6573 | D:6      | Found a staircase to the Ecumenical Temple.
  6586 | Temple   | Entered the Ecumenical Temple
  6672 | Temple   | Became a worshipper of Warmaster Okawaru
  6719 | D:6      | Reached skill level 6 in Short Blades
  6985 | D:6      | Found Fureng's Armour Shoppe.
  6994 | D:6      | Bought a +0 buckler for 58 gold pieces
  7015 | D:6      | Found a transporter.
  7020 | D:6      | Found a transporter.
  7021 | D:6      | Noticed Ananasrisotto's ghost (novice GnCK)
  7246 | D:6      | Learned a level 2 spell: Poisonous Vapours
  7267 | D:6      | Found a sacrificial altar of Ru.
  7708 | D:6      | Killed a steam dragon
  7863 | D:7      | Reached * piety under Okawaru
  8248 | D:7      | Reached XP level 9. HP: 24/60 MP: 9/9
  8456 | D:7      | Reached skill level 5 in Throwing
  8498 | D:6      | Reached skill level 5 in Fighting
  8498 | D:6      | Reached skill level 7 in Short Blades
  8709 | D:7      | Learned a level 4 spell: Petrify
  8763 | D:7      | Found Ruwequc's Jewellery Emporium.
  8763 | D:7      | Found Pomohoqe's Weapon Emporium.
  8768 | D:7      | Found Fazonub's Jewellery Emporium.
  8769 | D:7      | Found Diaceack's Gadget Emporium.
  9262 | D:7      | Found a sparkling altar of Nemelex Xobeh.
  9475 | D:7      | Noticed Duvessa
  9475 | D:7      | Noticed Dowan
  9496 | D:7      | Killed Duvessa
  9496 | D:7      | Reached ** piety under Okawaru
  9499 | D:7      | Killed Dowan
 10184 | D:8      | Reached skill level 8 in Short Blades
 10658 | D:8      | Noticed a centaur warrior
 10672 | D:8      | Killed a centaur warrior
 10672 | D:8      | Reached XP level 10. HP: 28/68 MP: 2/10
 10720 | D:8      | Reached *** piety under Okawaru
 10729 | D:8      | Reached skill level 9 in Short Blades
 11056 | D:8      | Noticed a two-headed ogre
 11410 | D:8      | Killed a two-headed ogre
 11654 | D:9      | Reached **** piety under Okawaru
 11871 | D:9      | Found Rott's Armour Boutique.
 11877 | D:9      | Got a glittering bone ring
 11878 | D:9      | Identified the ring "Beywk" {rPois MP+9 Stlth+} (You found
                  | it on level 9 of the Dungeon)
 12069 | D:9      | Received a gift from Okawaru
 12309 | D:9      | Noticed a manticore
 12322 | D:9      | Killed a manticore
 12816 | D:10     | Entered Level 10 of the Dungeon
 12818 | D:10     | Found a staircase to the Lair.
 12885 | D:10     | Noticed a two-headed ogre
 13067 | D:10     | Paralysed by a hornet for 2 turns
 13067 | D:10     | Slain by a two-headed ogre

Illustrated notes

Levels and vault maps discovered:
D:1:      dpeg_arrival_arbitrary_c, layout_basic, minmay_heptomino_h4
D:2:      layout_rooms
D:3:      layout_loops_corners
D:4:      layout_cave_pods, nicolae_overflow_crystal_walls,
          nicolae_ru_the_path_less_chosen
D:5:      layout_cave_pools, serial_shops, nicolae_shop_crystal
D:6:      kennysheep_steamy, layout_basic, minmay_temple_entry_water_ring,
          serial_shops, shop, gammafunk_ghost_hive, lemuel_altar_in_water
D:7:      layout_basic, basic_altar, grunt_ministairs_6,
          minmay_shop_grid_forest, uniq_duvessa
D:8:      layout_loops_cross
D:9:      layout_roguey, serial_shops, shop_fountains, lemuel_old_faithful
D:10:     layout_gridville, minmay_lair_entry_grove, david_orc_4,
          gammafunk_ghost_wrathful_warriors
Temple:   regret_index_temple_sigil_plot

Skill      XL: |  1  2  3  4  5  6  7  8  9 10 |
---------------+-------------------------------+-----
Dodging        | 2 3 4 5 6 7 |  7.9
Short Blades   | 3 4 5 6 8 9 |  9.9
Throwing       | 3 4 6 7 |  7.0
Fighting       | 3 4 6 7 |  7.0
Shields        | 2 4 |  4.0
Stealth        | |  5.3

Action                   |  1- 3 |  4- 6 |  7- 9 | 10-12 || total
-------------------------+-------+-------+-------+-------++-------
Melee: Dagger            |    65 |   138 |   315 |    91 ||   609
       Constrict         |    16 |    35 |    65 |    14 ||   130
       Tentacles         |     7 |    27 |    86 |    22 ||   142
Throw: Dart              |    16 |    47 |    98 |    16 ||   177
       Boomerang         |       |       |       |    54 ||    54
       Javelin           |       |       |       |     4 ||     4
Evoke: Wand              |       |       |     8 |    12 ||    20
  Use: Scroll            |     4 |     3 |     7 |     5 ||    19
       Potion            |       |     1 |     2 |     1 ||     4
 Stab: Sleeping          |     7 |    11 |    16 |     9 ||    43
       Distracted        |       |     1 |       |       ||     1
Armor: Skin              |     1 |     4 |     8 |       ||    13
Dodge: Dodged            |    28 |    99 |   143 |    59 ||   329
Block: Buckler           |       |       |    27 |    15 ||    42

Table legend: (Time is in decaauts)
 A = Elapsed time spent in this place.
 B = Non-inter-level travel time spent in this place.
 C = Inter-level travel time spent in this place.
 D = Time resting spent in this place.
 E = Time spent auto-exploring this place.
 F = Levels seen in this place.
 G = Mean time per level.
                   A        B        C        D        E       F      G
               +--------+--------+--------+--------+--------+-----+--------+
         Total |  12768 |  12411 |    357 |   1475 |   9149 |  11 | 1160.7 |
       Dungeon |  12668 |  12344 |    324 |   1475 |   9083 |  10 | 1266.8 |
        Temple |    100 |     67 |     33 |      0 |     66 |   1 |  100.0 |
               +--------+--------+--------+--------+--------+-----+--------+

Top non-repeatable levels by time:
     D:6: 1871 daAuts
     D:7: 1666 daAuts
     D:3: 1636 daAuts
     D:8: 1558 daAuts
     D:9: 1416 daAuts
     D:4: 1354 daAuts
     D:5: 1117 daAuts
     D:1: 1037 daAuts
     D:2: 964 daAuts
  Temple: 100 daAuts
    D:10: 46 daAuts
